 Dungeon Sprint DCSS version 0.26-a0-651-gb41185065b (webtiles) character file.

Game seed: 16439844023170061886

2359 sahdkjhfkaj the Thaumaturge (level 9, -2/73 HPs)
             Began as a Gnoll Air Elementalist on Sept 28, 2020.
             Was an Elder of Sif Muna.
             Slain by a black mamba (13 damage)
             ... in the Dungeon (Sprint IX: "|||||||||||||||||||||||||||||").
             The game lasted 00:03:12 (1287 turns).

sahdkjhfkaj the Thaumaturge (GnAE)                  Turns: 1287, Time: 00:03:12

Health: -2/73      AC:  7    Str: 12    XL:     9   Next: 44%
Magic:  2/22       EV: 20    Int: 20    God:    Sif Muna [****..]
Gold:   0          SH:  0    Dex: 15    Spells: 17/26 levels left

rFire    . . .     SeeInvis .   l - +7 lajatang of Order {silver, rMut}
rCold    . . .     Faith    .   (shield currently unavailable)
rNeg     . . .     Spirit   .   a - +0 robe
rPois    .         Reflect  .   (no helmet)
rElec    .         Harm     .   m - +0 cloak
rCorr    .         Rampage  .   (no gloves)
rMut     +         NoTele   +   n - +0 pair of boots
MR       .....                  (no amulet)
Stlth    ++++......             o - +2 ring of protection
HPRegen  0.22/turn              p - +2 ring of evasion
MPRegen  0.18/turn

@: lethally poisoned (-2 -> -17)
A: distributed training, fangs 1, strong nose
a: Channel Magic, Forget Spell, Divine Exegesis, Renounce Religion


You were in the Dungeon.
You worshipped Sif Muna.
Sif Muna was greatly pleased with you.
You visited 1 branch

Inventory:

Hand Weapons
 l - the +7 lajatang of Order (weapon) {silver, rMut}
   (You found it in the Dungeon)

   It protects you from mutation.
Armour
 a - a +0 robe (worn)
 m - a +0 cloak (worn)
 n - a +0 pair of boots (worn)
Jewellery
 o - a +2 ring of protection (left hand)
 p - a +2 ring of evasion (right hand)
 r - the cursed ring "Vovvatud" {rF- MR+++ Int+4 Dex-4 SInv}
   (You found it in the Dungeon)

   [ring of dexterity]

   It affects your intelligence (+4).
   It affects your dexterity (-4).
   It makes you vulnerable to fire.
   It affects your resistance to hostile enchantments.
   It lets you see invisible.
   It has a curse placed upon it.
Wands
 k - a wand of acid (10)
Scrolls
 h - 3 scrolls of blinking
 i - 5 scrolls of remove curse
 j - 2 scrolls of amnesia
 s - a scroll of identify
 t - 2 scrolls of enchant weapon
 u - 2 scrolls of fear
Potions
 b - a potion of invisibility
 c - 6 potions of curing
 d - 2 potions of heal wounds
 e - 2 potions of stabbing
 f - 2 potions of magic
 g - 2 potions of berserk rage
 q - a potion of haste
 v - a potion of mutation


   Skills:
 + Level 7.7 Fighting
 + Level 7.7 Short Blades
 + Level 7.7 Long Blades
 + Level 7.7 Axes
 + Level 7.7 Maces & Flails
 + Level 7.7 Polearms
 + Level 7.7 Staves
 + Level 7.7 Slings
 + Level 7.7 Bows
 + Level 7.7 Crossbows
 + Level 7.7 Throwing
 + Level 7.7 Armour
 + Level 9.0 Dodging
 + Level 8.8 Stealth
 + Level 7.7 Shields
 + Level 7.7 Unarmed Combat
 + Level 9.2 Spellcasting
 + Level 6.8 Conjurations
 + Level 6.4 Hexes
 + Level 6.4 Summonings
 + Level 6.4 Necromancy
 + Level 6.4 Translocations
 + Level 6.4 Transmutations
 + Level 6.4 Fire Magic
 + Level 6.4 Ice Magic
 + Level 8.5 Air Magic
 + Level 6.4 Earth Magic
 + Level 6.4 Poison Magic
 + Level 8.4 Invocations
 + Level 7.7 Evocations


You had 17 spell levels left.
You knew the following spells:

 Your Spells              Type           Power        Failure   Level
a - Shock                 Conj/Air       ####         1%          1
b - Static Discharge      Conj/Air       #####...     1%          3
c - Lightning Bolt        Conj/Air       #####.....   9%          5

Your spell library contained the following spells:

 Spells                   Type           Power        Failure   Level
 Swiftness                Air            #####...     1%          2
 Airstrike                Air            #####.....   2%          4


Dungeon Overview and Level Annotations

Branches:
Dungeon (1/1)

Altars:
Cheibriados
Dithmenos
Elyvilon
Fedhas
Gozag
Hepliaklqana
Kikubaaqudgha
Makhleb
Nemelex Xobeh
Okawaru
Qazlal
Ru
Sif Muna
Trog
Uskayaw
Vehumet
Wu Jian
Xom
Yredelemnul
Zin
The Shining One
Beogh
Jiyva
Lugonu


Innate Abilities, Weirdness & Mutations

Your experience applies equally to all skills.
You have very sharp teeth.
Your uncanny sense of smell can sniff out nearby items.


Message History

The komodo dragon completely misses you.
You slice the komodo dragon!!
You kill the komodo dragon!
Sif Muna accepts your kill.
You can now call upon Sif Muna to cast any spell from your library.
Your Dodging skill increases to level 9!
The black mamba bites you.
Your magical contamination has completely faded away.
Unknown command.
You miss the black mamba.
The black mamba is lightly wounded.
The black mamba bites you!
You are poisoned.
The black mamba poisons you! The black mamba bites you!
* * * LOW HITPOINT WARNING * * *
You miss the black mamba. Your bite misses the black mamba.
The black mamba is lightly wounded.
* * * LOW HITPOINT WARNING * * *
You feel sick. The black mamba bites you!
You die...

∆∆∆∆∆∆∆∆∆∆∆∆
▓▓▓▓▓▓▓▓▓▓▓▓▓▓▓▓▓▓▓▓▓▓▓▓▓▓▓
†.r.†..r....)r....'SFF.D..▓
▓▓▓▓▓▓▓▓▓▓▓▓▓▓▓▓▓▓▓▓▓▓▓▓▓.▓
..........................▓
▓▓▓▓▓▓▓▓▓▓▓▓▓▓▓▓▓▓▓▓▓▓▓▓▓▓▓
_F_______'.....S@.)(.'...<▓
▓▓▓▓▓▓▓▓▓▓▓▓▓▓▓▓▓▓▓▓▓▓▓▓▓▓▓


You could see a black mamba.

Vanquished Creatures
  A tengu warrior (D)
  A cane toad (D)
  2 komodo dragons (D)
  An efreet (D)
  A wyvern (D)
  A vampire mosquito (D)
  2 centaurs (D)
  A bullfrog (D)
  A killer bee (D)
  2 wights (D)
  A hound (D)
  An iguana (D)
  A worker ant (D)
  2 adders (D)
  A leopard gecko (D)
  A bat (D)
  A bat skeleton (D)
  A bat zombie (D)
  2 hobgoblins (D)
  A kobold (D)
25 creatures vanquished.

Notes
Turn   | Place    | Note
-------+----------+-------------------------------------------
     0 | D        | sahdkjhfkaj the Gnoll Air Elementalist began the quest for
                  | the Orb.
     0 | D        | Reached XP level 1. HP: 13/13 MP: 6/6
     4 | D        | Reached skill level 5 in Spellcasting
     7 | D        | Reached skill level 1 in Invocations
     7 | D        | Reached skill level 1 in Fighting
     7 | D        | Reached skill level 1 in Short Blades
     7 | D        | Reached skill level 1 in Long Blades
     7 | D        | Reached skill level 1 in Axes
     7 | D        | Reached skill level 1 in Maces & Flails
     7 | D        | Reached skill level 1 in Polearms
     7 | D        | Reached skill level 1 in Staves
     7 | D        | Reached skill level 1 in Slings
     7 | D        | Reached skill level 1 in Bows
     7 | D        | Reached skill level 1 in Crossbows
     7 | D        | Reached skill level 1 in Throwing
     7 | D        | Reached skill level 1 in Armour
     7 | D        | Reached skill level 1 in Shields
     7 | D        | Reached skill level 1 in Unarmed Combat
     7 | D        | Reached skill level 1 in Evocations
     7 | D        | Reached XP level 2. HP: 21/21 MP: 2/8
    69 | D        | Reached skill level 5 in Dodging
    69 | D        | Reached skill level 1 in Hexes
    69 | D        | Reached skill level 1 in Summonings
    69 | D        | Reached skill level 1 in Necromancy
    69 | D        | Reached skill level 1 in Translocations
    69 | D        | Reached skill level 1 in Transmutations
    69 | D        | Reached skill level 1 in Fire Magic
    69 | D        | Reached skill level 1 in Ice Magic
    69 | D        | Reached skill level 1 in Earth Magic
    69 | D        | Reached skill level 1 in Poison Magic
    69 | D        | Reached XP level 3. HP: 27/27 MP: 5/9
    73 | D        | Reached XP level 4. HP: 18/34 MP: 1/11
   288 | D        | Found a roughly hewn altar of Beogh.
   288 | D        | Found a snail-covered altar of Cheibriados.
   288 | D        | Found a shadowy altar of Dithmenos.
   288 | D        | Found a white marble altar of Elyvilon.
   288 | D        | Found a blossoming altar of Fedhas.
   288 | D        | Found an opulent altar of Gozag.
   289 | D        | Found a hazy altar of Hepliaklqana.
   290 | D        | Found a viscous altar of Jiyva.
   291 | D        | Found an ancient bone altar of Kikubaaqudgha.
   292 | D        | Found a corrupted altar of Lugonu.
   293 | D        | Found a burning altar of Makhleb.
   294 | D        | Found a sparkling altar of Nemelex Xobeh.
   295 | D        | Found an iron altar of Okawaru.
   296 | D        | Found a stormy altar of Qazlal.
   297 | D        | Found a sacrificial altar of Ru.
   298 | D        | Found a shimmering blue altar of Sif Muna.
   299 | D        | Found a bloodstained altar of Trog.
   300 | D        | Found a hide-covered altar of Uskayaw.
   301 | D        | Found a radiant altar of Vehumet.
   302 | D        | Found an ornate altar of the Wu Jian Council.
   303 | D        | Found a shimmering altar of Xom.
   304 | D        | Found a basalt altar of Yredelemnul.
   305 | D        | Found a glowing silver altar of Zin.
   306 | D        | Became a worshipper of Sif Muna the Loreminder
   307 | D        | Found a glowing golden altar of the Shining One.
   316 | D        | Found the +7 lajatang of Order {silver, rMut}
   349 | D        | Learned a level 3 spell: Static Discharge
   349 | D        | Noticed a centaur
   349 | D        | Noticed a centaur
   354 | D        | Reached skill level 5 in Stealth
   355 | D        | Reached XP level 5. HP: 36/41 MP: 2/13
   356 | D        | Reached * piety under Sif Muna
   357 | D        | Killed a centaur
   357 | D        | Reached XP level 6. HP: 42/48 MP: 0/15
   359 | D        | Reached ** piety under Sif Muna
   359 | D        | Reached skill level 5 in Invocations
   470 | D        | Learned a level 5 spell: Lightning Bolt
   470 | D        | Noticed an efreet
   470 | D        | Noticed a tengu warrior
   470 | D        | Noticed a komodo dragon
   470 | D        | Noticed a vampire mosquito
   470 | D        | Noticed a wyvern
   473 | D        | Killed a wyvern
   473 | D        | Reached skill level 5 in Fighting
   473 | D        | Reached skill level 5 in Short Blades
   473 | D        | Reached skill level 5 in Long Blades
   473 | D        | Reached skill level 5 in Axes
   473 | D        | Reached skill level 5 in Maces & Flails
   473 | D        | Reached skill level 5 in Polearms
   473 | D        | Reached skill level 5 in Staves
   473 | D        | Reached skill level 5 in Slings
   473 | D        | Reached skill level 5 in Bows
   473 | D        | Reached skill level 5 in Crossbows
   473 | D        | Reached skill level 5 in Throwing
   473 | D        | Reached skill level 5 in Armour
   473 | D        | Reached skill level 5 in Shields
   473 | D        | Reached skill level 5 in Unarmed Combat
   473 | D        | Reached skill level 5 in Evocations
   473 | D        | Reached XP level 7. HP: 44/56 MP: 5/17
   480 | D        | Killed a vampire mosquito
   480 | D        | Reached skill level 5 in Conjurations
   481 | D        | Killed a komodo dragon
   481 | D        | Reached *** piety under Sif Muna
   481 | D        | Reached skill level 5 in Hexes
   481 | D        | Reached skill level 5 in Summonings
   481 | D        | Reached skill level 5 in Necromancy
   481 | D        | Reached skill level 5 in Translocations
   481 | D        | Reached skill level 5 in Transmutations
   481 | D        | Reached skill level 5 in Fire Magic
   481 | D        | Reached skill level 5 in Ice Magic
   481 | D        | Reached skill level 5 in Earth Magic
   481 | D        | Reached skill level 5 in Poison Magic
   481 | D        | Reached XP level 8. HP: 40/64 MP: 0/20
   489 | D        | Killed a tengu warrior
   492 | D        | Killed an efreet
   492 | D        | Reached XP level 9. HP: 14/72 MP: 15/21
   866 | D        | Got the cursed ring "Vovvatud" {rF- MR+++ Int+4 Dex-4 SInv}
   900 | D        | Noticed a cane toad
   900 | D        | Noticed a five-headed hydra
   900 | D        | Noticed a komodo dragon
   900 | D        | Noticed a cane toad
   903 | D        | Noticed a black mamba
   904 | D        | Killed a cane toad
  1285 | D        | Killed a komodo dragon
  1285 | D        | Reached **** piety under Sif Muna
  1287 | D        | Slain by a black mamba

Illustrated notes

Levels and vault maps discovered:
D:        linesprint [early_d, line_temple, items_1, d_10, items_2, lair_1,
          lair_end, items_3, orc_1, orc_end, items_4, d_15, swamp_1, shoals_1,
          snake_1, spider_1, d_20, vaults_1, items_5, swamp_end, shoals_end,
          snake_end, spider_end, vaults_end, d_27, items_6, zot_1, zot_end,
          crypt_end, forest_end, elf_end, slime_end, tomb_end, abyss_end,
          pan_hell_end]

Skill      XL: |  1  2  3  4  5  6  7  8  9 |
---------------+----------------------------+-----
Conjurations   | 2 3 4 5 6 |  6.8
Spellcasting   | 5 6 7 8 9 |  9.2
Invocations    | 1 2 3 4 5 6 7 8 |  8.4
Fighting       | 1 2 3 4 5 6 7 |  7.7
Short Blades   | 1 2 3 4 5 6 7 |  7.7
Long Blades    | 1 2 3 4 5 6 7 |  7.7
Axes           | 1 2 3 4 5 6 7 |  7.7
Maces & Flails | 1 2 3 4 5 6 7 |  7.7
Polearms       | 1 2 3 4 5 6 7 |  7.7
Staves         | 1 2 3 4 5 6 7 |  7.7
Slings         | 1 2 3 4 5 6 7 |  7.7
Bows           | 1 2 3 4 5 6 7 |  7.7
Crossbows      | 1 2 3 4 5 6 7 |  7.7
Throwing       | 1 2 3 4 5 6 7 |  7.7
Armour         | 1 2 3 4 5 6 7 |  7.7
Shields        | 1 2 3 4 5 6 7 |  7.7
Unarmed Combat | 1 2 3 4 5 6 7 |  7.7
Evocations     | 1 2 3 4 5 6 7 |  7.7
Dodging        | 5 6 7 8 9 |  9.0
Hexes          | 1 2 3 4 5 6 |  6.4
Summonings     | 1 2 3 4 5 6 |  6.4
Necromancy     | 1 2 3 4 5 6 |  6.4
Translocations | 1 2 3 4 5 6 |  6.4
Transmutations | 1 2 3 4 5 6 |  6.4
Fire Magic     | 1 2 3 4 5 6 |  6.4
Ice Magic      | 1 2 3 4 5 6 |  6.4
Earth Magic    | 1 2 3 4 5 6 |  6.4
Poison Magic   | 1 2 3 4 5 6 |  6.4
Stealth        | 5 6 7 8 |  8.8
Air Magic      | 6 7 8 |  8.5

Action                   |  1- 3 |  4- 6 |  7- 9 || total
-------------------------+-------+-------+-------++-------
Melee: Lajatang          |       |     1 |     8 ||     9
 Cast: Shock             |    10 |     6 |    10 ||    26
       Static Discharge  |       |     1 |     5 ||     6
       Lightning Bolt    |       |     2 |     8 ||    10
  Use: Potion            |       |       |     4 ||     4
       Scroll            |       |       |     1 ||     1
Armor: Robe              |     2 |     1 |     2 ||     5
Dodge: Dodged            |     5 |    10 |    29 ||    44

Table legend: (Time is in decaauts)
 A = Elapsed time spent in this place.
 B = Non-inter-level travel time spent in this place.
 C = Inter-level travel time spent in this place.
 D = Time resting spent in this place.
 E = Time spent auto-exploring this place.
 F = Levels seen in this place.
 G = Mean time per level.
                   A        B        C        D        E       F      G
               +--------+--------+--------+--------+--------+-----+--------+
         Total |   1267 |   1267 |      0 |    820 |    128 |   1 | 1267.0 |
       Dungeon |   1267 |   1267 |      0 |    820 |    128 |   1 | 1267.0 |
               +--------+--------+--------+--------+--------+-----+--------+

Top non-repeatable levels by time:
       D: 1267 daAuts
